 Dungeon Crawl Stone Soup version 0.30.1-11-g7821555f0a (webtiles) character file.

Game seed: 15270121371837106934

57 rumournova the Thaumaturge (level 4, -2/34 HPs)
             Began as a Gnoll Wanderer on Nov 18, 2023.
             Slain by an iguana (10 damage)
             ... on level 4 of the Dungeon.
             The game lasted 00:07:20 (1259 turns).

rumournova the Thaumaturge (Gnoll Wanderer)         Turns: 1259, Time: 00:07:20

Health: -2/34      AC:  5    Str: 12    XL:     4   Next: 0%
Magic:  15/15      EV: 10    Int: 13    God:
Gold:   46         SH:  0    Dex: 11    Spells: 20/21 levels left

rFire   . . .        f - +1 hand axe
rCold   . . .        (no shield)
rNeg    . . .        b - +0 ring mail
rPois   .            (no helmet)
rElec   .            (no cloak)
rCorr   .            (no gloves)
SInv    .            (no boots)
Will    .....        (no amulet)
Stlth   +            (no ring)
HPRegen 0.25/turn    (no ring)
MPRegen 0.14/turn

%: no passive effects
@: no status effects
A: fangs 1, strong nose, distributed training
a: no special abilities


You were on level 4 of the Dungeon.
You visited 1 branch of the dungeon, and saw 3 of its levels.

You collected 46 gold pieces.

Inventory:

Hand Weapons
 f - a +1 hand axe (weapon)
Armour
 b - a +0 ring mail (worn)
Potions
 d - a potion of invisibility
 e - a potion of degeneration {unknown}


   Skills:
 + Level 2.7 Fighting
 + Level 1.0 Short Blades
 + Level 1.0 Long Blades
 + Level 1.0 Axes
 + Level 1.0 Maces & Flails
 + Level 1.0 Polearms
 + Level 2.7 Staves
 + Level 1.0 Ranged Weapons
 + Level 2.7 Throwing
 + Level 2.7 Armour
 + Level 1.0 Dodging
 + Level 1.0 Stealth
 + Level 1.0 Shields
 + Level 1.0 Unarmed Combat
 + Level 9.3 Spellcasting
 + Level 0.8 Conjurations
 + Level 0.8 Hexes
 + Level 0.8 Summonings
 + Level 0.8 Necromancy
 + Level 0.8 Translocations
 + Level 0.8 Transmutations
 + Level 0.8 Fire Magic
 + Level 0.8 Ice Magic
 + Level 0.8 Air Magic
 + Level 0.8 Earth Magic
 + Level 0.8 Poison Magic
 + Level 1.1 Invocations
 + Level 2.7 Evocations


You had 20 spell levels left.
You knew the following spells:

 Your Spells              Type           Power      Damage    Failure   Level
a - Beastly Appendage     Tmut           16%        N/A       19%         1

Your spell library contained the following spells:

 Spells                   Type           Power      Damage    Failure   Level
 Passwall                 Tmut/Erth      6%         N/A       28%         2
 Searing Ray              Conj           16%        2d5       28%         2
 Teleport Other           Tloc           8%         N/A       50%         3


Dungeon Overview and Level Annotations

Branches:
Dungeon (4/15)
 Temple: D:4-7

Altars:


Innate Abilities, Weirdness & Mutations

You have very sharp teeth.
Your uncanny sense of smell can sniff out nearby items.
Your experience applies equally to all skills.


Message History

It was a scroll of fear.
Found a war axe.
A worm comes into view.
Found a scroll labelled XOMACIQORR.
A sourceless malevolence fills the Dungeon...
You fall into a shaft and drop 2 floors!
The shaft crumbles and collapses.
You hear the sound of rushing water.
There is an entrance to a sewer on this level.
Hurry and find it before the portal rusts away!
Found a scroll labelled FEAC FESSERIZ.
Found a stone staircase leading down.
a - a scroll labelled FEAC FESSERIZ The air fills with toxic fumes!
As you read the scroll labelled FEAC FESSERIZ, it crumbles to dust.
It was a scroll of poison.
There is a stone staircase leading down here.
Found a scroll labelled UTUUGE WIPRINU.
An iguana comes into view.
The iguana bites you!
You barely miss the iguana. The iguana closely misses you.
You hit the iguana but do no damage. The iguana bites you!
You completely miss the iguana. You punch the iguana.
Your bite misses the iguana.
The iguana is lightly wounded.
The iguana bites you but does no damage.
You hit the iguana but do no damage.
The iguana is lightly wounded.
You hear the slow rusting of a very distant drain.
The iguana bites you but does no damage.
You hit the iguana but do no damage. You bite the iguana, but do no damage.
The iguana is lightly wounded.
The iguana bites you!
* * * LOW HITPOINT WARNING * * *
The iguana misses you.
You hit the iguana but do no damage.
The iguana is lightly wounded.
The iguana bites you but does no damage.
You closely miss the iguana.
The iguana is lightly wounded.
The iguana bites you!
You die...

##.#######
.........####
##.####.....####
#.............######
######....>........#
+.....#....#.##
#.....#..#...##.
#.....#.@l......
#..#####?###..#.
...... .... ...
#....... .........
#........##.###...
#........##.# ..
########.##.# . #.#


You could see an iguana.

Vanquished Creatures
  An adder (D:2)
  A dart slug (D:1)
  8 ball pythons (D:1)
  3 bats
  2 endoplasms (D:1)
  4 giant cockroaches (D:1)
  5 hobgoblins
  5 jackals (D:1)
  3 kobolds (D:1)
  2 quokkas (D:1)
  4 frilled lizards
  A goblin (D:1)
39 creatures vanquished.

Notes
Turn   | Place    | Note
-------+----------+-------------------------------------------
     0 | D:1      | Reached skill level 9 in Spellcasting
     0 | D:1      | rumournova the Gnoll Wanderer began the quest for the Orb.
     0 | D:1      | rumournova set off with the following items: a +0
                  | quarterstaff, a +0 ring mail, a potion of curing; and the
                  | following spell memorised: Beastly Appendage; and the
                  | following spells available to memorise: Passwall, Searing
                  | Ray, Teleport Other.
     0 | D:1      | Reached XP level 1. HP: 17/17 MP: 10/10
   209 | D:1      | Reached XP level 2. HP: 23/23 MP: 12/12
   456 | D:1      | Reached XP level 3. HP: 8/28 MP: 13/13
   648 | D:1      | Reached skill level 1 in Invocations
   967 | D:2      | Reached skill level 1 in Short Blades
   967 | D:2      | Reached skill level 1 in Long Blades
   967 | D:2      | Reached skill level 1 in Axes
   967 | D:2      | Reached skill level 1 in Maces & Flails
   967 | D:2      | Reached skill level 1 in Polearms
   967 | D:2      | Reached skill level 1 in Ranged Weapons
   967 | D:2      | Reached skill level 1 in Dodging
   967 | D:2      | Reached skill level 1 in Stealth
   967 | D:2      | Reached skill level 1 in Shields
   967 | D:2      | Reached skill level 1 in Unarmed Combat
  1159 | D:2      | Reached XP level 4. HP: 25/34 MP: 15/15
  1207 | D:2      | You fall into a shaft and drop 2 floors!
  1259 | D:4      | Slain by an iguana

Illustrated notes

Levels and vault maps discovered:
D:1:      nzn_arrival_settlement, layout_loops_ring
D:2:      layout_loops_ring, kennysheep_crisscross, nrook_loot_triangle
D:4:      layout_basic, portal_sewer_entry_e

Skill      XL: |  1  2  3 |
---------------+----------+-----
Spellcasting   | |  9.3
Invocations    | 1 |  1.1
Short Blades   | 1 |  1.0
Long Blades    | 1 |  1.0
Axes           | 1 |  1.0
Maces & Flails | 1 |  1.0
Polearms       | 1 |  1.0
Ranged Weapons | 1 |  1.0
Dodging        | 1 |  1.0
Stealth        | 1 |  1.0
Shields        | 1 |  1.0
Unarmed Combat | 1 |  1.0
Fighting       | |  2.7
Staves         | |  2.7
Throwing       | |  2.7
Armour         | |  2.7
Conjurations   | |  0.8
Hexes          | |  0.8
Summonings     | |  0.8
Necromancy     | |  0.8
Translocations | |  0.8
Transmutations | |  0.8
Fire Magic     | |  0.8
Ice Magic      | |  0.8
Air Magic      | |  0.8
Earth Magic    | |  0.8
Poison Magic   | |  0.8
Evocations     | |  2.7

Action                     |  1- 3 |  4- 6 || total
---------------------------+-------+-------++-------
  Melee: Hand axe          |   141 |     7 ||   148
         Bite              |     8 |     1 ||     9
         Quarterstaff      |     1 |       ||     1
         Punch             |     2 |     1 ||     3
    Use: Scroll            |     2 |     3 ||     5
         Potion            |     1 |       ||     1
 Armour: Ring mail         |    91 |     3 ||    94
  Dodge: Dodged            |    98 |     2 ||   100
